[Event "Titled Tuesday Blitz June 27 Early 2023"]
[White "Oglaza, Oskar"]
[Black "Politov, Pavel Y."]
[WhiteFideId "1194402"]
[BlackFideId "24110515"]
[WhiteElo "2391"]
[BlackElo "2122"]
[Result "1-0"]
[Round "3"]
[TimeControl "180+2"]
[Date "2023.06.27"]
[WhiteClock "0:00:36"]
[BlackClock "0:00:03"]
[Board "230"]

1. e4 c5 2. Nf3 d6 3. d4 cxd4 4. Nxd4 Nf6 5. Nc3 a6 6. h3 e5 7. Nde2 h5 8. Bg5 Nbd7 9. Qd3 Be7 10. O-O-O Nc5 11. Qf3 b5 12. Ng3 g6 13. Kb1 Bb7 14. Bxf6 Bxf6 15. Nd5 Bg7 16. Ne3 O-O 17. Bd3 Ne6 18. c3 b4 19. Nxh5 gxh5 20. Nf5 Nf4 21. g3 Nxd3 22. Rxd3 d5 23. Qxh5 Qf6 24. g4 dxe4 25. Rd6 Qxd6 26. Nxd6 Bc6 27. Nf5 e3 28. Ne7# 1-0


[Site "https://www.chess.com"]

[Event "Titled Tuesday Blitz June 27 Early 2023"]
[White "Barbot, Pierre"]
[Black "Marin Masis, Jose Esteban"]
[WhiteFideId "663727"]
[BlackFideId "6508146"]
[WhiteElo "2382"]
[BlackElo "2119"]
[Result "1-0"]
[Round "3"]
[TimeControl "180+2"]
[Date "2023.06.27"]
[WhiteClock "0:00:06"]
[BlackClock "0:00:17"]
[Board "231"]

1. d4 Nf6 2. Nf3 d5 3. Bf4 Bf5 4. e3 e6 5. c4 c6 6. Nc3 Bd6 7. Bd3 Bxd3 8. Qxd3 Bxf4 9. exf4 dxc4 10. Qxc4 Nbd7 11. O-O Nb6 12. Qb3 O-O 13. Rad1 Qc7 14. Ne5 Nbd5 15. g3 Rfd8 16. Rfe1 h6 17. Na4 Nb6 18. Nc5 Rab8 19. Qc2 Nbd7 20. f5 Nxe5 21. dxe5 Rxd1 22. Qxd1 Nd5 23. fxe6 fxe6 24. Nxe6 Qf7 25. Qg4 Re8 26. Nc5 Rf8 27. f4 Qe7 28. Nd3 Kh8 29. e6 Qc7 30. Ne5 Qb6+ 31. Kh1 Qf2 32. Qe2 Qxe2 33. Rxe2 Re8 34. Nf7+ Kg8 35. Nd6 Re7 36. f5 b6 37. Kg2 Nf6 38. Kf3 Nd5 39. g4 Nf6 40. h4 Nd5 41. g5 hxg5 42. hxg5 c5 43. Ke4 Nb4 44. a3 Nc6 45. Kd5 Nd4 46. Rh2 Nf3 47. Rf2 Nxg5 48. Nc8 Re8 49. Nxa7 Nh7 50. Nc6 Nf6+ 51. Kd6 Rc8 52. Re2 Re8 53. e7 Ng4 54. Kd7 Kf7 55. Ne5+ Nxe5+ 56. Rxe5 Rg8 57. e8=Q+ Rxe8 58. Rxe8 Kf6 59. Rf8+ Kg5 60. Kc6 c4 61. Kxb6 1-0


[Site "https://www.chess.com"]

[Event "Titled Tuesday Blitz June 27 Early 2023"]
[White "Winkels, Marcel"]
[Black "Sokolov, Andrei"]
[WhiteFideId "1003887"]
[BlackFideId "11600306"]
[WhiteElo "2117"]
[BlackElo "2374"]
[Result "0-1"]
[Round "3"]
[TimeControl "180+2"]
[Date "2023.06.27"]
[WhiteClock "0:00:00"]
[BlackClock "0:00:10"]
[Board "232"]

1. e4 c6 2. d4 d5 3. exd5 cxd5 4. c4 Nf6 5. Nc3 e6 6. Nf3 Be7 7. cxd5 Nxd5 8. Bd3 O-O 9. O-O Nc6 10. Re1 Nf6 11. a3 b6 12. Bc2 Bb7 13. Qd3 Qc7 14. Bg5 g6 15. Bh6 Rfd8 16. Bb3 Bf8 17. Qd2 Bxh6 18. Qxh6 Nxd4 19. Ng5 Nxb3 20. Re3 Nd4 21. Rh3 Nf5 22. Qxh7+ Nxh7 23. Rxh7 Ng7 24. Nce4 Qe7 25. h4 Nh5 26. g4 Bxe4 27. gxh5 Qxg5+ 28. hxg5 Kxh7 29. h6 Rd5 0-1


[Site "https://www.chess.com"]

[Event "Titled Tuesday Blitz June 27 Early 2023"]
[White "Fernandez Siles, Luis"]
[Black "Tqebuchava, Zurab"]
[WhiteFideId "2209420"]
[BlackFideId "13601113"]
[WhiteElo "2363"]
[BlackElo "2102"]
[Result "1-0"]
[Round "3"]
[TimeControl "180+2"]
[Date "2023.06.27"]
[WhiteClock "0:00:20"]
[BlackClock "0:00:00"]
[Board "233"]

1. d4 Nf6 2. c4 d6 3. Nf3 Nbd7 4. Nc3 e5 5. e4 exd4 6. Qxd4 g6 7. Be2 Bg7 8. O-O O-O 9. Re1 Re8 10. Qe3 Nc5 11. Nd2 Nfxe4 12. Ndxe4 f5 13. Qg3 fxe4 14. Bg5 Qd7 15. Nd5 Qf7 16. Qh4 Be6 17. Nf6+ Bxf6 18. Bxf6 Nd7 19. Bc3 Bxc4 20. Bxc4 Qxc4 21. Rad1 Re6 22. Rd4 Qxa2 23. Rdxe4 Rae8 24. Qh6 Ne5 25. f4 g5 26. Qh5 Ng6 27. f5 Rxe4 28. Rxe4 Qb1+ 29. Kf2 Qxe4 30. fxg6 Qxg6 31. Qh3 Qf6+ 32. Bxf6 1-0


[Site "https://www.chess.com"]

[Event "Titled Tuesday Blitz June 27 Early 2023"]
[White "Melikhov, Evgeny V."]
[Black "Aung Thant Zin"]
[WhiteFideId "4122046"]
[BlackFideId "13000063"]
[WhiteElo "2362"]
[BlackElo "2090"]
[Result "1-0"]
[Round "3"]
[TimeControl "180+2"]
[Date "2023.06.27"]
[WhiteClock "0:01:30"]
[BlackClock "0:01:46"]
[Board "234"]

1. d4 Nf6 2. c4 e6 3. Nc3 Bb4 4. Qc2 c5 5. dxc5 Na6 6. a3 Bxc3+ 7. Qxc3 Nxc5 8. f3 b6 9. b4 Nb7 10. e4 O-O 11. Be3 d5 12. Rd1 Qe7 13. e5 Nd7 14. cxd5 exd5 15. Rxd5 Re8 16. f4 Nf8 17. Nf3 Rd8 18. Rxd8 Nxd8 19. Be2 Be6 20. O-O Rc8 21. Qd2 Nc6 22. Rd1 Rd8 23. Qc2 Rxd1+ 24. Bxd1 h6 25. Qxc6 1-0


[Site "https://www.chess.com"]

[Event "Titled Tuesday Blitz June 27 Early 2023"]
[White "Jaivardhan Raj"]
[Black "Szente Varga, Fruzsina"]
[WhiteFideId "25744437"]
[BlackFideId "712264"]
[WhiteElo "2085"]
[BlackElo "2362"]
[Result "1-0"]
[Round "3"]
[TimeControl "180+2"]
[Date "2023.06.27"]
[WhiteClock "0:00:10"]
[BlackClock "0:00:12"]
[Board "235"]

1. e4 e5 2. d4 exd4 3. Qxd4 Nc6 4. Qe3 Nf6 5. Nc3 Be7 6. Bd2 O-O 7. O-O-O d5 8. exd5 Nxd5 9. Qg3 Bf6 10. Bd3 Ncb4 11. Nxd5 Nxa2+ 12. Kb1 Qxd5 13. c4 Qd4 14. Bc1 Nc3+ 15. bxc3 Qxc3 16. Rd2 Be6 17. Ne2 Qb3+ 18. Bb2 Qb6 19. c5 Qb4 20. Kc1 Bxb2+ 21. Rxb2 Qxc5+ 22. Rc2 Qa3+ 23. Kd2 Rad8 24. Qh4 Bf5 25. Rc3 Rxd3+ 26. Rxd3 Qxd3+ 27. Ke1 Re8 28. Qh5 g6 29. Qf3 Qb1+ 30. Kd2 Rd8+ 31. Ke3 Qd3+ 32. Kf4 Qc4+ 33. Kg3 Kg7 34. h4 Rd3 35. h5 Qg4+ 36. Kh2 Rxf3 37. h6+ Kg8 38. gxf3 Qxf3 39. Rd1 Kf8 40. Rd8+ Ke7 41. Rb8 Qe3 42. fxe3 b6 43. Rb7 Kd6 44. Rxa7 Kc6 45. Ra1 Be6 46. Rc1+ Kd7 47. Nd4 b5 48. Nxb5 Bd5 49. Rxc7+ Ke6 50. Nd4+ Ke5 51. Rd7 Bc4 52. Kg3 Ke4 53. Re7+ Kd3 54. Nc6 Be6 55. Nd8 Bc4 56. Nxf7 Ke2 57. Ne5 Bd5 58. Ng4 Be4 59. Rxe4 Kd3 60. Re7 Kc3 61. Rxh7 Kc4 62. Re7 Kb5 63. h7 Kc5 64. h8=Q Kc6 65. Qd4 Kb5 66. Rc7 g5 67. Qc4+ Ka5 68. Ra7+ Kb6 69. Ra6+ Kb7 70. Qc6+ Kb8 71. Ra8# 1-0


[Site "https://www.chess.com"]

[Event "Titled Tuesday Blitz June 27 Early 2023"]
[White "Maluco_do_Natal_00"]
[Black "a-z30"]
[WhiteElo "2054"]
[BlackElo "2354"]
[Result "0-1"]
[Round "3"]
[TimeControl "180+2"]
[Date "2023.06.27"]
[WhiteClock "0:00:04"]
[BlackClock "0:01:46"]
[Board "236"]

1. e4 c5 2. Nf3 Nc6 3. d4 cxd4 4. Nxd4 Nf6 5. Nc3 e5 6. Ndb5 d6 7. Bg5 a6 8. Bxf6 gxf6 9. Na3 b5 10. Nd5 f5 11. c3 Bg7 12. Bd3 Be6 13. Qh5 fxe4 14. Bxe4 Ne7 15. Nxe7 Kxe7 16. Bxa8 Qxa8 17. O-O b4 18. cxb4 e4 19. Nc2 Bxb2 20. Rab1 Be5 21. a4 Rg8 22. b5 axb5 23. axb5 Bg4 24. Qh4+ Bf6 25. Qh6 Bf3 26. Ne3 Bg5 27. Qxh7 Bxe3 28. fxe3 Rxg2+ 29. Kh1 Rg7+ 30. Rxf3 Rxh7 31. Rf4 Qa2 32. h4 Qxb1+ 0-1


[Site "https://www.chess.com"]

[Event "Titled Tuesday Blitz June 27 Early 2023"]
[White "Semenova, Alina"]
[Black "Vasques, Antonio Pedro Freixial"]
[WhiteFideId "24113875"]
[BlackFideId "1908332"]
[WhiteElo "2050"]
[BlackElo "2349"]
[Result "0-1"]
[Round "3"]
[TimeControl "180+2"]
[Date "2023.06.27"]
[WhiteClock "0:00:00"]
[BlackClock "0:00:16"]
[Board "237"]

1. e4 c5 2. Nf3 Nc6 3. d4 cxd4 4. Nxd4 e5 5. Nb5 d6 6. N1c3 a6 7. Na3 b5 8. Nd5 Nge7 9. c4 Nxd5 10. Qxd5 Bd7 11. cxb5 Nb4 12. Qb3 d5 13. Bd2 a5 14. exd5 Bd6 15. Be2 O-O 16. O-O Qh4 17. Qg3 Qf6 18. Qg5 Qxg5 19. Bxg5 Rfc8 20. Nc4 Bc5 21. Nxe5 Bf5 22. Nc6 Nxd5 23. Bf3 Be6 24. Rad1 h6 25. Bxd5 hxg5 26. Bxe6 fxe6 27. a4 Rc7 28. Rd3 Rf8 29. Rc3 Bb6 30. g3 Rcf7 31. Kg2 Rxf2+ 32. Rxf2 Rxf2+ 33. Kh3 Rxb2 34. Nb8 Bg1 35. Nd7 Rb4 36. Rc1 g4+ 37. Kg2 Bd4 38. Rc8+ Kf7 39. Nc5 Rb2+ 40. Kf1 Rxh2 41. b6 Rb2 42. Rc7+ Kg6 0-1


[Site "https://www.chess.com"]

[Event "Titled Tuesday Blitz June 27 Early 2023"]
[White "Ajavon, Anthony Obieni"]
[Black "Bogaudinov, Rushan"]
[WhiteFideId "12600784"]
[BlackFideId "4129288"]
[WhiteElo "2007"]
[BlackElo "2347"]
[Result "0-1"]
[Round "3"]
[TimeControl "180+2"]
[Date "2023.06.27"]
[WhiteClock "0:00:03"]
[BlackClock "0:00:34"]
[Board "238"]

1. d4 d5 2. c4 dxc4 3. Nc3 e6 4. e4 Nf6 5. Bxc4 c5 6. Nf3 cxd4 7. Qxd4 Qxd4 8. Nxd4 a6 9. O-O e5 10. Nf3 Nc6 11. Nd5 Bd6 12. Rd1 Nxe4 13. Nb6 Rb8 14. Bd5 Bc5 15. Be3 Bxe3 16. fxe3 Bf5 17. Rac1 O-O 18. Bxe4 Bxe4 19. Nd7 Bf5 20. Nxf8 Kxf8 21. Rc5 f6 22. a3 Ke7 23. b4 Bg4 24. b5 axb5 25. Rxb5 Bc8 26. Rc1 Ra8 27. Rb3 Ra4 28. Nd2 h5 29. Nc4 Ra7 30. Nb6 Be6 31. Rd3 Ra6 32. Rb1 h4 33. e4 Nd4 34. Nd5+ Bxd5 35. exd5 b6 36. h3 Kd6 37. Rc1 Kxd5 38. Rc7 Ke4 39. Rdc3 Ne2+ 40. Kf2 Nxc3 41. Rxc3 Ra7 42. Rb3 Kf5 43. Rc3 b5 44. Rb3 Ra4 45. Rxb5 Rxa3 46. Rb7 g5 47. Kg1 Kf4 48. Rb6 f5 49. Rb4+ e4 50. Rb2 Kg3 51. Rf2 Ra1+ 52. Rf1 Rxf1+ 53. Kxf1 e3 54. Ke2 Kxg2 55. Kxe3 Kxh3 0-1


[Site "https://www.chess.com"]

[Event "Titled Tuesday Blitz June 27 Early 2023"]
[White "Guevara Sanchez, Erick Marvin"]
[Black "Ng, Clive"]
[WhiteFideId "6700136"]
[BlackFideId "3214869"]
[WhiteElo "1992"]
[BlackElo "2345"]
[Result "0-1"]
[Round "3"]
[TimeControl "180+2"]
[Date "2023.06.27"]
[WhiteClock "0:01:12"]
[BlackClock "0:01:28"]
[Board "239"]

1. e4 c5 2. Nf3 Nc6 3. d3 g6 4. Nc3 Bg7 5. g3 d6 6. Bg2 e6 7. O-O Nge7 8. Be3 Nd4 9. Ne2 Nxf3+ 10. Bxf3 Bxb2 11. Rb1 Bg7 12. Bg2 O-O 13. f4 Rb8 14. g4 f5 15. exf5 gxf5 16. g5 b5 17. Ng3 Qe8 18. Nh5 Bb7 19. Nxg7 Kxg7 20. Bxb7 Rxb7 21. Bc1 d5 22. c4 d4 23. Qe1 Qc6 24. Qe5+ Kg8 25. Re1 Ng6 26. Qxe6+ Qxe6 27. Rxe6 Rfb8 28. cxb5 Rxb5 29. Rxb5 Rxb5 30. Ba3 Nxf4 31. Re5 Nxd3 32. Rxf5 Ra5 33. Bxc5 Rxc5 34. Rf3 Rc1+ 35. Kg2 Ne1+ 0-1


[Site "https://www.chess.com"]

[Event "Titled Tuesday Blitz June 27 Early 2023"]
[White "Adireddy Arjun"]
[Black "Alexanian, Nelli"]
[WhiteFideId "25647709"]
[BlackFideId "4170539"]
[WhiteElo "2328"]
[BlackElo "1952"]
[Result "1-0"]
[Round "3"]
[TimeControl "180+2"]
[Date "2023.06.27"]
[WhiteClock "0:01:46"]
[BlackClock "0:00:40"]
[Board "240"]

1. e4 e6 2. d4 d5 3. exd5 exd5 4. Nf3 Bg4 5. Bd3 Nc6 6. c3 Bd6 7. O-O Qd7 8. Re1+ Nge7 9. h3 Bh5 10. Nbd2 O-O-O 11. Nf1 f6 12. Ng3 Bg6 13. Qc2 Bxd3 14. Qxd3 h5 15. Bd2 h4 16. Nf1 g5 17. N1h2 Nf5 18. Ng4 Rdf8 19. Re2 Ng7 20. Rae1 f5 21. Nge5 Nxe5 22. Nxe5 Bxe5 23. Rxe5 Re8 24. Bxg5 Ne6 25. Qxf5 Rhf8 26. Rxe6 1-0


[Site "https://www.chess.com"]

[Event "Titled Tuesday Blitz June 27 Early 2023"]
[White "Gyulamiryan-koryun"]
[Black "Davidson, Kevin"]
[BlackFideId "2056810"]
[WhiteElo "1944"]
[BlackElo "2324"]
[Result "1-0"]
[Round "3"]
[TimeControl "180+2"]
[Date "2023.06.27"]
[WhiteClock "0:00:01"]
[BlackClock "0:00:00"]
[Board "241"]

1. d4 Nf6 2. c4 g6 3. Nf3 Bg7 4. Nc3 d6 5. e4 O-O 6. h3 Na6 7. Be2 e5 8. d5 Nc5 9. Qc2 a5 10. Be3 Nh5 11. g3 f5 12. Nd2 Nf6 13. f3 fxe4 14. fxe4 Nh5 15. Bxh5 gxh5 16. Bxc5 dxc5 17. O-O-O Qg5 18. Qd3 Bd7 19. Kb1 Bh6 20. Nf3 Qe7 21. Rdf1 Rf6 22. Nh4 Raf8 23. Nf5 Bxf5 24. exf5 Kh8 25. g4 Bf4 26. Ne4 Rb6 27. f6 Rfxf6 28. Nxf6 Qxf6 29. Qe4 Rb4 30. gxh5 b5 31. Rxf4 Qxf4 32. Qxf4 exf4 33. cxb5 c4 34. Kc2 Rxb5 35. Rd1 Kg7 36. Kc3 Kf6 37. Kxc4 Rxb2 38. Kc5 Rxa2 39. Kc6 Rc2+ 40. Kd7 f3 41. Rf1 f2 42. Ra1 Ke5 43. Rxa5 f1=Q 44. d6+ Kf6 45. dxc7 Qd3+ 46. Kc8 1-0


[Site "https://www.chess.com"]

[Event "Titled Tuesday Blitz June 27 Early 2023"]
[White "Sairam, Pranav"]
[Black "Skiadopoulos, Nikolaos"]
[WhiteFideId "30951330"]
[BlackFideId "4200772"]
[WhiteElo "2322"]
[BlackElo "1909"]
[Result "0-1"]
[Round "3"]
[TimeControl "180+2"]
[Date "2023.06.27"]
[WhiteClock "0:00:00"]
[BlackClock "0:00:50"]
[Board "242"]

1. e4 c5 2. Nf3 Nc6 3. d4 cxd4 4. Nxd4 e5 5. Nb5 d6 6. c4 Be6 7. N1c3 a6 8. Na3 Be7 9. Be2 Rc8 10. Nc2 Bg5 11. O-O Bxc1 12. Rxc1 Nf6 13. Ne3 Nd4 14. b3 O-O 15. f4 Nxe2+ 16. Qxe2 exf4 17. Rxf4 Nd7 18. Nf5 Bxf5 19. exf5 Ne5 20. f6 g5 21. Rf5 h6 22. Nd5 Kh7 23. Rxg5 Rg8 24. Rxg8 Qxg8 25. Rf1 Qg5 26. Qe4+ Qg6 27. Qxg6+ fxg6 28. Ne7 Rf8 29. Nd5 g5 30. h3 Kg6 31. g4 Kf7 32. Kg2 b5 33. cxb5 axb5 34. a4 bxa4 35. bxa4 Ke6 36. Nc7+ Kd7 37. Nb5 Nc4 38. Rc1 d5 39. Nc3 Kc6 40. Ne2 Rxf6 41. Nd4+ Kc5 42. Nf5 Ra6 0-1


[Site "https://www.chess.com"]

[Event "Titled Tuesday Blitz June 27 Early 2023"]
[White "Shubin, Kirill"]
[Black "Nakamura, Hikaru"]
[WhiteFideId "34119962"]
[BlackFideId "2016192"]
[WhiteElo "2895"]
[BlackElo "3254"]
[Result "1/2-1/2"]
[Round "4"]
[TimeControl "180+2"]
[Date "2023.06.27"]
[WhiteClock "0:00:09"]
[BlackClock "0:00:12"]
[Board "1"]

1. e4 c6 2. d4 d5 3. exd5 cxd5 4. Bd3 Nc6 5. c3 g6 6. Bf4 Bg7 7. Nd2 Nh6 8. Ngf3 O-O 9. O-O Bf5 10. Bxh6 Bxh6 11. Bxf5 gxf5 12. Re1 e6 13. Nb3 Kh8 14. Nc5 Qc7 15. Nd3 Rg8 16. Kh1 Bf8 17. g3 Bd6 18. Qd2 Rg4 19. b4 Rag8 20. Rg1 f6 21. Rae1 Re4 22. Qh6 Qf7 23. Nc5 Bxc5 24. bxc5 Qg6 25. Qxg6 hxg6 26. Nd2 Rxe1 27. Rxe1 e5 28. Nb3 Kg7 29. Rd1 Rd8 30. Kg2 g5 31. h4 gxh4 32. gxh4 f4 33. Kf3 Kg6 34. Kg4 Kf7 35. h5 Rg8+ 36. Kf3 Ke6 37. c4 Kf5 38. cxd5 e4+ 39. Ke2 Nb4 40. d6 Nd5 41. Rh1 f3+ 42. Kd2 Ke6 43. h6 Rh8 44. h7 f5 45. Na5 f4 46. Nc4 Nf6 47. Rh6 Rxh7 48. Rg6 Kd5 49. Rxf6 Kxc4 50. Rxf4 Kxd4 51. Rg4 Kxc5 52. Rxe4 Kxd6 53. Ke3 Rf7 54. Rf4 Rc7 55. Kxf3 Rc3+ 56. Kg2 Ra3 57. Rb4 b6 58. Rb2 Kc5 59. f4 Kd4 60. Rf2 Ke4 61. f5 Rd3 62. f6 Rd8 63. f7 Rf8 64. Kf1 Ke5 65. Ke2 Ke6 66. Kd3 Rxf7 67. Rxf7 Kxf7 68. Kc4 Ke6 69. Kb5 Kd5 70. Ka6 Kc5 71. Kxa7 b5 72. Ka6 b4 73. Ka5 Kc4 74. Ka4 Kc3 75. Kb5 b3 76. axb3 Kxb3 1/2-1/2


[Site "https://www.chess.com"]

[Event "Titled Tuesday Blitz June 27 Early 2023"]
[White "Chigaev, Maksim"]
[Black "So, Wesley"]
[WhiteFideId "4108116"]
[BlackFideId "5202213"]
[WhiteElo "2891"]
[BlackElo "3107"]
[Result "1/2-1/2"]
[Round "4"]
[TimeControl "180+2"]
[Date "2023.06.27"]
[WhiteClock "0:00:27"]
[BlackClock "0:00:26"]
[Board "2"]

1. e4 e5 2. Nf3 Nc6 3. Bc4 Nf6 4. d3 h6 5. c3 g6 6. d4 Qe7 7. O-O d6 8. Bb5 Bd7 9. Re1 Bg7 10. Nbd2 O-O 11. d5 Nb8 12. a4 a6 13. Bf1 a5 14. b4 Qe8 15. b5 b6 16. c4 Bg4 17. h3 Bxf3 18. Nxf3 Nbd7 19. g3 Nc5 20. Qc2 Qe7 21. Ba3 h5 22. Bc1 Kh8 23. Bg2 Ng8 24. Bg5 f6 25. Be3 Bh6 26. Nh4 Kh7 27. f4 Qg7 28. f5 Bxe3+ 29. Rxe3 g5 30. Ng6 Ne7 31. Nxf8+ Rxf8 32. g4 h4 1/2-1/2


[Site "https://www.chess.com"]

[Event "Titled Tuesday Blitz June 27 Early 2023"]
[White "Mamedov, Rauf"]
[Black "Ibarra Jerez, Jose Carlos"]
[WhiteFideId "13401653"]
[BlackFideId "2226332"]
[WhiteElo "3082"]
[BlackElo "2879"]
[Result "0-1"]
[Round "4"]
[TimeControl "180+2"]
[Date "2023.06.27"]
[WhiteClock "0:00:08"]
[BlackClock "0:00:07"]
[Board "3"]

1. e4 c5 2. c3 Nf6 3. e5 Nd5 4. Bc4 Nb6 5. Bb3 Nc6 6. d4 cxd4 7. cxd4 g6 8. Nf3 Bg7 9. h4 d6 10. e6 Bxe6 11. d5 Nxd5 12. h5 Nc7 13. Bc2 Nb4 14. Bb3 Qd7 15. O-O O-O 16. Nc3 Rac8 17. Re1 Bxb3 18. axb3 a6 19. Ra4 Nc6 20. Rh4 Qf5 21. Ng5 h6 22. Nge4 g5 23. Rh3 Nd4 24. Be3 Nce6 25. Qb1 d5 26. Nd2 Qxb1 27. Rxb1 Rfd8 28. g4 Rxc3 29. bxc3 Ne2+ 30. Kf1 Nxc3 31. Re1 d4 32. Bxd4 Bxd4 33. Rd3 Nf4 34. Rf3 e6 35. Nc4 b5 36. Na5 Rd6 37. Nb7 Rd5 38. Na5 Bf6 39. b4 Rd2 40. Nb3 Rb2 41. Nc5 Bd4 42. Nxa6 Bxf2 43. Rxc3 Bxe1 44. Rc8+ Kg7 45. Kxe1 Nd5 46. Nc5 Rxb4 47. Rb8 Rxg4 48. Rb7 Kf6 49. Kf2 Rh4 50. Kg3 Nf4 51. Ne4+ Ke5 52. Nf2 Nxh5+ 53. Kg2 Nf4+ 54. Kf3 Nd5 55. Nd3+ Kf6 56. Nf2 Rf4+ 57. Kg3 b4 58. Ng4+ Kg7 59. Ne5 h5 60. Nc6 h4+ 61. Kh3 Rf3+ 62. Kg2 Rg3+ 63. Kh2 Rc3 64. Nd8 Kg6 65. Nxf7 b3 66. Ne5+ Kf5 67. Nf7 Rc2+ 68. Kh3 Nf4# 0-1


[Site "https://www.chess.com"]

[Event "Titled Tuesday Blitz June 27 Early 2023"]
[White "Pranav, V"]
[Black "Pichot, Alan"]
[WhiteFideId "25060783"]
[BlackFideId "110973"]
[WhiteElo "3041"]
[BlackElo "2868"]
[Result "1-0"]
[Round "4"]
[TimeControl "180+2"]
[Date "2023.06.27"]
[WhiteClock "0:00:13"]
[BlackClock "0:00:00"]
[Board "4"]

1. e4 e5 2. Nf3 Nc6 3. Bb5 a6 4. Ba4 Nge7 5. O-O Ng6 6. c3 d5 7. d3 Be7 8. Qe2 O-O 9. Rd1 Be6 10. h3 b5 11. Bb3 Qd7 12. a4 Rad8 13. axb5 axb5 14. Na3 b4 15. Nb5 Rc8 16. d4 exd4 17. Nfxd4 Nxd4 18. Nxd4 c6 19. exd5 cxd5 20. Ra6 Bc5 21. Be3 bxc3 22. bxc3 Qb7 23. Bc2 Bxd4 24. Bxd4 Rfe8 25. Ra7 Qb2 26. Rb1 Qxc2 27. Qxc2 1-0


[Site "https://www.chess.com"]

[Event "Titled Tuesday Blitz June 27 Early 2023"]
[White "Lazavik, Denis"]
[Black "Grigoriants, Sergey"]
[WhiteFideId "13515110"]
[BlackFideId "4130804"]
[WhiteElo "3033"]
[BlackElo "2847"]
[Result "1-0"]
[Round "4"]
[TimeControl "180+2"]
[Date "2023.06.27"]
[WhiteClock "0:00:21"]
[BlackClock "0:00:02"]
[Board "5"]

1. d4 Nf6 2. c4 e6 3. Nf3 d5 4. Nc3 c5 5. cxd5 Nxd5 6. e4 Nxc3 7. bxc3 cxd4 8. cxd4 Bb4+ 9. Bd2 Bxd2+ 10. Qxd2 O-O 11. Rc1 b6 12. Bd3 Bb7 13. O-O Nd7 14. h4 h6 15. Qf4 Rc8 16. Rxc8 Qxc8 17. Rc1 Qb8 18. Qxb8 Rxb8 19. Rc7 Nf6 20. d5 exd5 21. e5 Ne4 22. Nd4 Nc5 23. Bb5 Rc8 24. Rxc8+ Bxc8 25. f4 Kf8 26. Kf2 f6 27. Ke3 fxe5 28. fxe5 a6 29. Bc6 Bb7 30. Bxb7 Nxb7 31. Ne6+ Kf7 32. Nc7 Nc5 33. Nxd5 Ke6 34. Kd4 Nd7 35. Nc7+ Kf5 36. e6 Nf6 37. e7 Kg4 38. e8=Q Nxe8 39. Nxe8 Kxh4 40. Nxg7 Kg3 41. Nf5+ Kxg2 42. Nxh6 Kf3 43. Nf5 Ke2 44. Nd6 Kd2 45. Nc4+ Kc2 46. Nxb6 Kb2 47. a4 Kb3 48. Kc5 Ka3 49. Kc4 1-0


[Site "https://www.chess.com"]

[Event "Titled Tuesday Blitz June 27 Early 2023"]
[White "Erdogmus, Yagiz Kaan"]
[Black "Sarana, Alexey"]
[WhiteFideId "44599790"]
[BlackFideId "24133795"]
[WhiteElo "2846"]
[BlackElo "3029"]
[Result "1-0"]
[Round "4"]
[TimeControl "180+2"]
[Date "2023.06.27"]
[WhiteClock "0:00:19"]
[BlackClock "0:00:00"]
[Board "6"]

1. e4 c5 2. Nf3 d6 3. d4 cxd4 4. Nxd4 Nf6 5. Nc3 a6 6. h3 e5 7. Nde2 Be7 8. g4 h6 9. Be3 Be6 10. Ng3 g6 11. Bg2 Nbd7 12. a4 Rc8 13. Qd2 Qa5 14. Nd5 Qxd2+ 15. Kxd2 Bd8 16. Ne2 h5 17. Nxf6+ Bxf6 18. Bf3 h4 19. Nc3 Bd8 20. a5 Rc6 21. Nd5 O-O 22. Ra3 Kh7 23. Rha1 f5 24. gxf5 gxf5 25. exf5 Bxf5 26. Nc3 Rc7 27. Rb3 Bxc2 28. Rxb7 Rxf3 29. Rxc7 Bxc7 30. Kxc2 Rxh3 31. b4 Rf3 32. b5 Nb8 33. Nd5 Bd8 34. Ba7 axb5 35. Bxb8 Rxf2+ 36. Kd3 Bxa5 37. Rxa5 h3 38. Ra1 Kg6 39. Bxd6 Kf5 40. Ne3+ Ke6 41. Bxe5 b4 42. Ra6+ Kd7 43. Rh6 b3 44. Rxh3 Ke6 45. Rh1 Ra2 46. Bc3 Rf2 47. Rb1 b2 48. Bxb2 Rf8 49. Bd4 1-0


[Site "https://www.chess.com"]

[Event "Titled Tuesday Blitz June 27 Early 2023"]
[White "Theodorou, Nikolas"]
[Black "Mardov, Dimitar"]
[WhiteFideId "4262875"]
[BlackFideId "30919495"]
[WhiteElo "3019"]
[BlackElo "2842"]
[Result "1/2-1/2"]
[Round "4"]
[TimeControl "180+2"]
[Date "2023.06.27"]
[WhiteClock "0:00:13"]
[BlackClock "0:00:12"]
[Board "7"]

1. Nf3 Nf6 2. b3 d5 3. Bb2 c5 4. e3 Nc6 5. Bb5 Bd7 6. O-O e6 7. d3 a6 8. Bxc6 Bxc6 9. Ne5 Rc8 10. Nd2 Bd6 11. f4 O-O 12. Ndf3 Nd7 13. Nxd7 Bxd7 14. Ne5 Be8 15. Ng4 f6 16. Rf3 Bg6 17. Qe1 Qe7 18. Qh4 c4 19. bxc4 dxc4 20. e4 cxd3 21. cxd3 Rc2 22. Bd4 Bc5 23. Bxc5 Qxc5+ 24. Kh1 Rxa2 25. Raf1 Rc2 26. h3 Rc1 27. Kh2 Rxf1 28. Rxf1 a5 29. Qg3 a4 30. f5 exf5 31. exf5 Bh5 32. d4 Qxd4 33. Rf4 Qd6 34. Rxa4 Qxg3+ 35. Kxg3 Bxg4 36. Kxg4 b5 37. Rb4 Rb8 38. Kf4 Kf7 39. Ke4 Ke7 40. Kd5 Kd7 41. Rg4 Rg8 42. Rb4 Re8 43. Rg4 Re7 44. Kc5 Re5+ 45. Kb4 Re7 46. Kxb5 Kd6 47. Rg3 Rc7 48. Kb6 Rf7 49. Re3 Kd5 50. g4 g6 51. Re6 gxf5 52. gxf5 h5 53. h4 Rd7 54. Rxf6 Rd6+ 55. Rxd6+ Kxd6 56. f6 Ke6 57. Kc5 Kxf6 58. Kd4 Kf5 59. Ke3 Kg4 60. Kf2 Kxh4 61. Kg1 1/2-1/2


[Site "https://www.chess.com"]

[Event "Titled Tuesday Blitz June 27 Early 2023"]
[White "Terry, Renato"]
[Black "Kravtsiv, Martyn"]
[WhiteFideId "3803457"]
[BlackFideId "14113147"]
[WhiteElo "3007"]
[BlackElo "2829"]
[Result "0-1"]
[Round "4"]
[TimeControl "180+2"]
[Date "2023.06.27"]
[WhiteClock "0:00:30"]
[BlackClock "0:00:54"]
[Board "8"]

1. Nf3 d5 2. e3 Nf6 3. b4 e6 4. a3 c5 5. bxc5 Bxc5 6. Bb2 O-O 7. c4 b6 8. Qc2 Bb7 9. cxd5 Nxd5 10. Bd3 h6 11. O-O Nd7 12. Nc3 Rc8 13. Qa4 Nxc3 14. Bxc3 Be7 15. Be2 Nc5 16. Qg4 Bf6 17. Bxf6 Qxf6 18. d4 Nb3 19. Ra2 Nc1 20. Rd2 Nxe2+ 21. Rxe2 Ba6 22. Ne5 Rc7 23. Ree1 Rfc8 24. Qe4 Bxf1 25. Rxf1 Rc1 26. g3 Qf5 27. Qb7 Qh3 28. Qxf7+ Kh8 29. Ng6+ Kh7 0-1


[Site "https://www.chess.com"]

[Event "Titled Tuesday Blitz June 27 Early 2023"]
[White "Horvath, Dominik"]
[Black "Martinez Alcantara, Jose Eduardo"]
[WhiteFideId "1642561"]
[BlackFideId "3805662"]
[WhiteElo "2820"]
[BlackElo "3001"]
[Result "1-0"]
[Round "4"]
[TimeControl "180+2"]
[Date "2023.06.27"]
[WhiteClock "0:00:16"]
[BlackClock "0:00:05"]
[Board "9"]

1. e4 c5 2. Nf3 d6 3. d4 cxd4 4. Nxd4 a6 5. Nc3 e6 6. g4 h6 7. Rg1 b5 8. a3 Bb7 9. Be3 Nd7 10. Qd2 Rc8 11. O-O-O Be7 12. Nb3 Ngf6 13. f3 Ne5 14. Be2 Nfd7 15. h4 g5 16. hxg5 hxg5 17. Rh1 Rg8 18. Kb1 Nb6 19. Na5 Ba8 20. Rh7 Nbd7 21. Nb3 Nb6 22. Na5 Qc7 23. Rdh1 Bf6 24. Ka1 Nbd7 25. Nb3 Be7 26. Rh8 Rf8 27. Bxg5 Ng6 28. Rxf8+ Bxf8 29. Kb1 Bg7 30. Nd4 Qb8 31. Be3 Nc5 32. Rh7 Bf6 33. g5 Be7 34. f4 Nxe4 35. Nxe4 Bxe4 36. f5 exf5 37. Bd3 Qb7 38. Nxf5 Rd8 39. Bxe4 Qxe4 40. Qf2 Ne5 41. Bb6 Rc8 42. Rh8+ Kd7 43. Rxc8 Kxc8 44. Nxe7+ Kb7 45. Nf5 Nf3 46. Nxd6+ 1-0


[Site "https://www.chess.com"]